AoeStats
← DANG IT

Arena

509734540Analyzed
1v1 RM · 6d ago on Sep 27, 2026· 43m 32s· 2 players
Game mode
Random Map
Map size
Tiny (2 player)
Population
200
Speed
Normal
Resources
Standard
Victory
Conquest
Starting age
Dark Age
Ending age
Imperial Age
RankedLock teamsTeams togetherTeam positionsShared explorationLock speedFull tech treeHidden civsTurbo modeCheats
Victory
Defeat
🇵🇪 Chinese · Peru
1036
+16
🇧🇦 Khmer · Bosnia & Herzegovina
1034
-16
role
11:12 Feudal Age
14:39 Castle Age
13:11 Double-Bit Axe
13:39 Horse Collar
19:01 Husbandry
22:54 Padded Archer Armor
23:10 Stone Mining
23:09 Elite Skirmisher
25:26 Bloodlines
31:08 Imperial Age
30:24 Gold Mining
32:25 Stone Shaft Mining
32:02 Bow Saw
32:02 Heavy Plow
33:56 Wheelbarrow
34:27 Fletching
36:36 Bodkin Arrow
38:54 Bracer
39:10 Leather Archer Armor
39:08 Forging
40:47 Ballistics
43:17 Scale Barding Armor
DANG IT
10:43 Feudal Age
11:16 Double-Bit Axe
16:31 Castle Age
16:26 Loom
22:25 Bow Saw
24:58 Wheelbarrow
28:46 Imperial Age
27:03 Fletching
27:13 Padded Archer Armor
31:33 Chemistry
31:08 Squires
30:28 Pikeman
32:09 Bodkin Arrow
32:29 Leather Archer Armor
32:25 Forging
32:16 Scale Mail Armor
36:15 Husbandry
36:26 Bloodlines
35:37 Cavalier
36:55 Ballistics
36:39 Bracer
37:09 Ring Archer Armor
37:14 Iron Casting
36:54 Chain Mail Armor
37:15 Iron Casting
38:34 Hand Cart
39:02 Gold Mining
39:03 Stone Mining
40:59 Scale Barding Armor
41:54 Blast Furnace
41:41 Gold Shaft Mining
42:33 Heavy Scorpion
44:02 Murder Holes
Connection lost

Rejoining the realm…

Still unreachable

The connection could not be restored.

Session expired

The server has moved on; the page needs a fresh start.